 Dungeon Crawl Stone Soup version 0.16.0-18-g484a79e (webtiles) character file.

145 inmateoo the Changer (level 5, 0/49 HPs)
             Began as a High Elf Transmuter on Mar 22, 2015.
             Was an Initiate of Kikubaaqudgha.
             Slain by a worker ant (1 damage)
             ... on level 4 of the Dungeon.
             The game lasted 00:08:32 (4402 turns).

inmateoo the Changer (High Elf Transmuter)          Turns: 4402, Time: 00:08:33

Health: 0/49       AC: 22    Str:  9    XL:     5   Next: 6%
Magic:  13/15      EV:  2    Int: 18    God:    Kikubaaqudgha [......]
Gold:   179        SH:  0    Dex: 15    Spells: 4 memorised, 1 level left

rFire  . . .     SeeInvis .       - Unarmed
rCold  . . .     Clarity  .     c - melded +0 robe
rNeg   + + +     SustAb   .     (no shield)
rPois  +         Gourm    .     r - melded +0 helmet
rElec  .         Spirit   .     (cloak currently unavailable)
rCorr  .         Warding  .     (gloves currently unavailable)
rMut   .         NoTele   +     (boots currently unavailable)
MR     .....                    (no amulet)
Stlth  +.........               (no ring)
                                (no ring)

@: lethally poisoned (0 -> -14), tree-form, not resistant to hostile
enchantments, very unstealthy
A: no striking features
a: Renounce Religion


You were on level 4 of the Dungeon.
You worshipped Kikubaaqudgha.
Kikubaaqudgha was noncommittal.
You were not hungry.
You were a tree.
You visited 1 branch of the dungeon, and saw 4 of its levels.

You collected 179 gold pieces.

Inventory:

Missiles
 b - 29 arrows
Armour
 c - a +0 robe (melded)
 r - a +0 helmet (melded)
Scrolls
 e - a scroll of recharging
 f - a scroll of remove curse
 g - 2 scrolls of teleportation
 q - a scroll of identify
Potions
 h - 2 potions of agility
 i - a potion of might
 k - 2 potions of restore abilities
 n - a potion of magic
 s - a potion of flight
Books
 d - a book of Changes

   Spells                             Type                      Level
   a - Beastly Appendage              Transmutation                1
   b - Sticks to Snakes               Transmutation                2
   c - Spider Form                    Transmutation/Poison         3
   d - Ice Form                       Ice/Transmutation            4
   e - Blade Hands                    Transmutation                5
 t - a book of Control

   Spells                             Type                      Level
   a - Control Teleport               Charms/Translocation         4
   b - Control Undead                 Necromancy                   4
   c - Enslavement                    Hexes                        4
   d - Metabolic Englaciation         Hexes/Ice                    5
   e - Mass Confusion                 Hexes                        6
 u - a book of Fire

   Spells                             Type                      Level
   a - Ignite Poison                  Fire/Transmutation           5
   b - Fireball                       Conjuration/Fire             5
   c - Bolt of Fire                   Conjuration/Fire             6
   d - Delayed Fireball               Conjuration/Fire             7
   e - Ring of Flames                 Charms/Fire                  7
Comestibles
 a - a bread ration
 m - 2 meat rations
 o - a chunk of flesh


   Skills:
 - Level 1.0 Fighting
 - Level 2.1 Dodging
 + Level 3.2 Unarmed Combat
 + Level 3.7 Spellcasting
 * Level 4.2 Transmutations


You had one spell level left.
You knew the following spells:

 Your Spells              Type           Power        Failure   Level  Hunger
a - Beastly Appendage     Trmt           ###...       2%          1    None
b - Sticks to Snakes      Trmt           ###.......   4%          2    ##.....
c - Spider Form           Trmt/Pois      ##........   21%         3    ###....
d - Ice Form              Ice/Trmt       ##......     67%         4    ####...


Dungeon Overview and Level Annotations

Branches:
Dungeon (4/15)
 Temple: D:4-7

Altars:
Elyvilon
Kikubaaqudgha
Makhleb
Zin


Message History

You feel sick. The worker ant bites you.
* * * LOW HITPOINT WARNING * * *
You are more poisoned.
The worker ant poisons you!
Drink which item? (? for menu, Esc to quit)
It was a potion of cancellation.
Your magical effects are unravelling.
Your magical contamination has completely faded away.
You feel magically purged.
Your resistance to elements expires.
* * * LOW HITPOINT WARNING * * *
You feel sick. The worker ant completely misses you.
Drink which item? (? for menu, Esc to quit)
Your talons disappear.
You turn into a tree.
Your +0 helmet melds into your body.
Your +0 robe melds into your body.
Your roots penetrate the ground.
* * * LOW HITPOINT WARNING * * *
You feel sick. The worker ant bites you.
You die...
Kikubaaqudgha rasps: "You have failed me!
Welcome... death!"

.# .# ### .##
... .. ##(###.#
#......
#.....### #a#..
#♣#.# #.#.# .#
#.#.# .#
#.#.#####.#..
###'#..[.....# #
#..........###.#
#....>.........#
#............##
########....(#


You could see a worker ant.

Vanquished Creatures
  Ijyb (D:2)
  Robin (D:3)
  2 adders (D:3)
  2 worms (D:3)
  2 giant geckos
  2 orcs (D:3)
  A ball python (D:1)
  4 giant cockroaches
  13 hobgoblins
  6 jackals (D:2)
  7 bats
  7 giant newts (D:2)
  12 goblins
  A jackal zombie (D:3)
  15 kobolds
  10 rats
86 creatures vanquished.

Notes
Turn   | Place    | Note
--------------------------------------------------------------
     0 | D:1      | inmateoo, the High Elf Transmuter, began the quest for the Orb.
     0 | D:1      | Reached XP level 1. HP: 13/13 MP: 4/4
   588 | D:1      | Reached XP level 2. HP: 6/18 MP: 4/6
  1051 | D:1      | Reached skill level 3 in Transmutations
  1471 | D:1      | Learned a level 2 spell: Sticks to Snakes
  1589 | D:1      | Reached XP level 3. HP: 21/23 MP: 8/8
  1594 | D:1      | Learned a level 3 spell: Spider Form
  2030 | D:2      | Noticed Ijyb
  2051 | D:2      | Killed Ijyb
  2712 | D:2      | Reached XP level 4. HP: 23/28 MP: 12/12
  3136 | D:3      | Found a white marble altar of Elyvilon.
  3506 | D:3      | Found an ancient bone altar of Kikubaaqudgha.
  3512 | D:3      | Became a worshipper of Kikubaaqudgha
  3605 | D:3      | Found a burning altar of Makhleb.
  3606 | D:3      | Noticed a cacodemon
  3607 | D:3      | Found a glowing silver altar of Zin.
  3607 | D:3      | Noticed an angel
  3783 | D:3      | Reached skill level 4 in Transmutations
  3834 | D:3      | Noticed Robin
  3858 | D:3      | Killed Robin
  4064 | D:3      | Reached XP level 5. HP: 25/33 MP: 11/15
  4216 | D:3      | Learned a level 4 spell: Ice Form
  4402 | D:4      | HP: 1/49 [poisoned by a worker ant]
  4402 | D:4      | Slain by a worker ant

Action                   |  1- 3 |  4- 6 || total
-------------------------+-------+-------++-------
Melee: Unarmed           |   221 |   145 ||   366
 Cast: Beastly Appendage |    20 |     8 ||    28
       Spider Form       |     1 |     6 ||     7
  Use: Scroll            |       |    10 ||    10
       Potion            |       |     4 ||     4
  Eat: Chunk             |     5 |     7 ||    12
